 Dungeon Crawl Stone Soup version 0.26-b1-59-ge38874ec40 (webtiles) character file.

Game seed: 4019940265252480844

27758 jackrogers the Severer (level 13, -8/114 HPs)
             Began as a Minotaur Berserker on Jan 9, 2021.
             Was the Champion of Trog.
             Mangled by a skeletal warrior
             ... wielding a +0 battleaxe
              (17 damage)
             ... on level 13 of the Dungeon.
             The game lasted 00:28:30 (16840 turns).

jackrogers the Severer (Minotaur Berserker)        Turns: 16840, Time: 00:28:31

Health: -8/114     AC: 18    Str: 23    XL:     13   Next: 6%
Magic:  4/4        EV: 11    Int:  4    God:    Trog [******]
Gold:   954        SH:  0    Dex: 20    Spells: 12/12 levels left

rFire    . . .     SeeInvis .   H - +4 battleaxe (antimagic)
rCold    . . .     Faith    +   (shield currently unavailable)
rNeg     . . .     Spirit   .   i - +4 chain mail {rPois}
rPois    +         Reflect  .   (helmet restricted)
rElec    .         Harm     .   z - +2 cloak
rCorr    .         Rampage  .   (no gloves)
Will     ++...                  I - +2 pair of boots
Stlth    ..........             s - amulet of faith
HPRegen  1.29/turn              P - +6 ring of dexterity
MPRegen  0.09/turn              (no ring)

@: corroded, berserk cooldown, regenerating, slowed, very slow
A: retaliatory headbutt, horns 2
a: Renounce Religion, Berserk, Trog's Hand, Brothers in Arms


You were on level 13 of the Dungeon.
You worshipped Trog.
Trog was exalted by your worship.
You visited 1 branch of the dungeon, and saw 14 of its levels.

You collected 954 gold pieces.

Inventory:

Hand Weapons
 a - a +2 hand axe
 f - the +8 rapier of Ashenzari's Whim {flame, Will+}
   (You found it on level 9 of the Dungeon)

   It has been specially enchanted to burn those struck by it, causing extra
   injury to most foes and up to half again as much damage against particularly
   susceptible opponents.
   It affects your willpower, your defense against some magical effects.
 x - a +3 war axe of flaming
 H - a +4 antimagic battleaxe (weapon)
 O - a +4 executioner's axe of flaming
 U - a +5 broad axe of flaming
Missiles
 J - 8 silver boomerangs
Armour
 b - a +1 animal skin
 i - a +4 chain mail of poison resistance (worn)
 z - a +2 cloak (worn)
 I - a +2 pair of boots (worn)
 M - +0 acid dragon scales
 T - a +0 plate armour
Jewellery
 e - an uncursed amulet of magic regeneration
 l - an uncursed amulet of guardian spirit
 p - an uncursed amulet of regeneration {+regen, !d}
 s - an amulet of faith (around neck)
 y - an uncursed ring of fire
 D - an uncursed ring of willpower
 E - an uncursed ring of stealth
 N - an uncursed ring of stealth
 P - a +6 ring of dexterity (left hand)
 Q - an uncursed ring of fire
 S - an uncursed ring of flight {unknown}
Wands
 h - a wand of polymorph (21)
 q - a wand of flame (21)
 r - a wand of acid (7)
 B - a wand of enslavement (4)
 C - a wand of random effects (34)
 L - a wand of paralysis (10)
Scrolls
 d - 12 scrolls of remove curse
 g - 4 scrolls of magic mapping {!r}
 k - 2 scrolls of fear
 t - 6 scrolls of teleportation
 K - a scroll of identify
 R - a scroll of vulnerability {unknown}
Potions
 c - 2 potions of might
 j - 3 potions of resistance
 m - a potion of mutation
 n - 4 potions of lignification
 o - 4 potions of curing
 u - a potion of heal wounds
 v - 4 potions of attraction
 w - a potion of ambrosia
 A - 2 potions of degeneration {unknown}
 F - a potion of flight {unknown}
 G - 2 potions of haste


   Skills:
 - Level 10.7 Fighting
 * Level 20.4 Axes
 - Level 10.1 Armour
 - Level 3.5 Dodging
 - Level 0.7 Stealth


You had 12 spell levels left.
You didn't know any spells.
Your spell library was empty.

Dungeon Overview and Level Annotations

Branches:
Dungeon (14/15)            Temple (0/1) D:4            Lair (0/6) D:10
    Orc (0/2) D:12
 Vaults: D:13-14

Altars:
Hepliaklqana
Makhleb
Nemelex Xobeh
Okawaru
Trog
Uskayaw
Vehumet
Wu Jian
Xom
Zin
The Shining One

Shops:
D:8 (

Annotations:
D:3 1 transporter, Berzach's ghost, amateur DsGl
D:4 2 transporters


Innate Abilities, Weirdness & Mutations

You reflexively headbutt those who attack you in melee.
You have a pair of horns on your head.


Message History

You are splashed with acid!
* * * LOW HITPOINT WARNING * * *
The slime creature barely misses you. You furiously retaliate!
You headbutt the slime creature!
You kill the slime creature!
Trog accepts your kill.
You hear a croak.
You completely miss the acid dragon. You headbutt the acid dragon.
You kill the acid dragon!
Trog accepts your kill.
You are too berserk!
You see here an acid dragon corpse.
You feel a strong urge to attack something.
There is a stone staircase leading up here.
You climb upwards.
You feel your anger nearly subside.
You are no longer berserk.
You are exhausted.
You feel yourself slow down.
The skeletal warrior hits you with a +0 battleaxe!
You die...

..'..(...####..........###.#
.##).....# #..#.#.#......#.#
###.########...........#...#
#........#...........#####
########.#######'#####
#.....#.# #.....# #.....#.#
#######.##
#......#.#####........#
#......#......@.......#
.......#######zz.....>#
#.....## ######...# .#..
#...#...# #.#.#...#
#.#.#z..# #.#.#...#
#.#.#...# ..#.....#


You could see 2 skeletal warriors.

Vanquished Creatures
  Gastronok (D:11)
  Snorg (D:11)
  Erolcha (D:9)
  2 centaur warriors
  9 two-headed ogres
  Nergalle (D:10)
  2 ugly things
  2 gargoyles
  Maggie (D:9)
  3 kobold demonologists
  3 trolls
  A hornet (D:7)
  Prince Ribbit (D:8)
  11 slime creatures
  2 wyverns
  3 wraiths
  15 yaks
  A basilisk (D:12)
  A soldier ant (D:12)
  2 acid dragons
  A water moccasin (D:10)
  7 orc warriors
  A sky beast (D:13)
  A black bear (D:9)
  4 ice beasts (D:7)
  An eye of draining (D:13)
  A necrophage (D:13)
  6 phantoms
  6 ogres
  17 centaurs
  Blork the orc (D:4)
  8 bullfrogs
  5 big kobolds
  A wyvern zombie (D:11)
  A gnoll sergeant (D:11)
  3 scorpions
  A wyvern skeleton (D:11)
  5 killer bees
  2 troll zombies (D:12)
  16 wights
  8 electric eels (D:8)
  2 howler monkeys (D:11)
  3 bullfrog zombies
  A jelly (D:12)
  4 hounds
  11 orc priests
  A bullfrog skeleton (D:13)
  A centaur skeleton (D:8)
  Ijyb (D:4)
  Jessica (D:3)
  Terence (D:3)
  3 iguanas
  17 orc wizards
  6 worker ants
  4 ogre zombies (D:12)
  Robin (D:3)
  8 gnolls
  3 howler monkey skeletons
  8 adders
  3 shadow imps
  2 white imps
  3 ufetubi
  An ooze (D:7)
  An adder skeleton (D:6)
  9 worms
  2 dart slugs
  5 leopard geckos
  47 orcs
  7 giant cockroaches
  23 goblins
  7 hobgoblins
  8 jackals
  6 quokkas
  2 ball pythons
  8 bats
  8 frilled lizards
  3 goblin skeletons (D:12)
  2 goblin zombies (D:12)
  2 hobgoblin skeletons (D:12)
  A hobgoblin zombie (D:12)
  A jackal skeleton (D:6)
  25 kobolds
  A leopard gecko skeleton (D:6)
  A leopard gecko zombie (D:8)
  An orc skeleton (D:12)
  10 orc zombies (D:12)
  11 rats
  A bush (D:2)
436 creatures vanquished.

Vanquished Creatures (others)
  29 plants
29 creatures vanquished.

Grand Total: 465 creatures vanquished

Notes
Turn   | Place    | Note
-------+----------+-------------------------------------------
     0 | D:1      | jackrogers the Minotaur Berserker began the quest for the
                  | Orb.
     0 | D:1      | Reached XP level 1. HP: 19/19 MP: 0/0
   113 | D:1      | Reached XP level 2. HP: 22/27 MP: 1/1
   227 | D:1      | Reached skill level 4 in Axes
   711 | D:1      | Reached ** piety under Trog
  1128 | D:2      | Reached XP level 3. HP: 26/34 MP: 2/2
  1690 | D:2      | Reached XP level 4. HP: 41/41 MP: 3/3
  1701 | D:2      | Reached skill level 5 in Axes
  1869 | D:2      | Found a sparkling altar of Nemelex Xobeh.
  1869 | D:2      | Found an iron altar of Okawaru.
  2068 | D:3      | Noticed Robin
  2083 | D:3      | Killed Robin
  2102 | D:3      | Reached *** piety under Trog
  2191 | D:3      | Found a transporter.
  2216 | D:3      | Noticed an ogre
  2217 | D:3      | Noticed Berzach's ghost (amateur DsGl)
  2220 | D:3      | Noticed an ogre
  2261 | D:3      | Reached skill level 6 in Axes
  2261 | D:3      | Reached XP level 5. HP: 36/47 MP: 4/4
  2440 | D:3      | Found a hazy altar of Hepliaklqana.
  2465 | D:3      | Noticed Jessica
  2474 | D:3      | Killed Jessica
  2665 | D:3      | Reached skill level 7 in Axes
  2801 | D:3      | Noticed Terence
  2811 | D:3      | Killed Terence
  2812 | D:3      | Reached XP level 6. HP: 52/53 MP: 5/5
  2892 | D:3      | Found a glowing golden altar of the Shining One.
  2988 | D:4      | Reached **** piety under Trog
  2996 | D:4      | Found a transporter.
  3020 | D:4      | Found a transporter.
  3278 | D:4      | Reached skill level 8 in Axes
  3508 | D:4      | Noticed Blork the orc
  3518 | D:4      | Killed Blork the orc
  3847 | D:4      | Found a staircase to the Ecumenical Temple.
  3878 | D:4      | Reached skill level 9 in Axes
  3878 | D:4      | Reached XP level 7. HP: 53/60 MP: 6/6
  3938 | D:4      | Noticed Ijyb
  3954 | D:4      | Killed Ijyb
  4278 | D:5      | Entered Level 5 of the Dungeon
  4507 | D:5      | Reached skill level 10 in Axes
  5517 | D:6      | Reached XP level 8. HP: 51/67 MP: 7/7
  5520 | D:6      | Reached skill level 11 in Axes
  5737 | D:6      | Found a hide-covered altar of Uskayaw.
  6121 | D:6      | Found a shimmering altar of Xom.
  6388 | D:7      | Noticed a hornet
  6393 | D:7      | Reached skill level 12 in Axes
  6398 | D:7      | Killed a hornet
  6398 | D:7      | Reached ***** piety under Trog
  6663 | D:7      | Reached skill level 13 in Axes
  6779 | D:7      | Reached XP level 9. HP: 72/72 MP: 8/8
  6899 | D:7      | Found a radiant altar of Vehumet.
  7812 | D:8      | Reached skill level 14 in Axes
  8183 | D:8      | Noticed a two-headed ogre
  8259 | D:8      | Killed a two-headed ogre
  8260 | D:8      | Reached skill level 15 in Axes
  8680 | D:8      | Found Eqerph Qeda's Antique Weapon Boutique.
  8788 | D:8      | Noticed Prince Ribbit
  8798 | D:8      | Killed Prince Ribbit
  9549 | D:9      | Reached skill level 16 in Axes
  9549 | D:9      | Reached XP level 10. HP: 80/80 MP: 9/9
  9558 | D:9      | Received a gift from Trog
  9676 | D:9      | Noticed a two-headed ogre
  9704 | D:9      | Killed a two-headed ogre
  9711 | D:9      | Reached skill level 17 in Axes
  9930 | D:9      | Found a glowing silver altar of Zin.
  9961 | D:9      | Noticed Erolcha
  9974 | D:9      | Killed Erolcha
  9975 | D:9      | Reached skill level 5 in Fighting
 10049 | D:9      | Reached skill level 5 in Armour
 10395 | D:9      | Noticed Maggie
 10413 | D:9      | Killed Maggie
 10584 | D:9      | Found an ornate altar of the Wu Jian Council.
 10801 | D:9      | Found a burning altar of Makhleb.
 11071 | D:9      | Got a jewelled rapier
 11072 | D:9      | Identified the +8 rapier of Ashenzari's Whim {flame, Will+}
                  | (You found it on level 9 of the Dungeon)
 11077 | D:10     | Entered Level 10 of the Dungeon
 11130 | D:10     | Reached XP level 11. HP: 91/91 MP: 10/10
 11529 | D:10     | Found a bloodstained altar of Trog.
 11558 | D:10     | Noticed Nergalle
 11568 | D:10     | Killed Nergalle
 11711 | D:10     | Received a gift from Trog
 11819 | D:10     | Found a staircase to the Lair.
 12233 | D:11     | Noticed a two-headed ogre
 12237 | D:11     | Killed a two-headed ogre
 12389 | D:11     | Noticed a brown ugly thing
 12392 | D:11     | Noticed a centaur warrior
 12398 | D:11     | Killed a brown ugly thing
 12402 | D:11     | Reached skill level 10 in Fighting
 12403 | D:11     | Killed a centaur warrior
 12717 | D:11     | Noticed a two-headed ogre
 12725 | D:11     | Killed a two-headed ogre
 12726 | D:11     | Reached skill level 10 in Armour
 13015 | D:11     | Reached XP level 12. HP: 104/108 MP: 3/11
 13069 | D:11     | Noticed Snorg
 13080 | D:11     | Killed Snorg
 13294 | D:11     | Noticed Gastronok
 13309 | D:11     | Killed Gastronok
 13310 | D:11     | Reached skill level 18 in Axes
 13459 | D:12     | Noticed a two-headed ogre
 13464 | D:12     | Killed a two-headed ogre
 13564 | D:12     | Reached ****** piety under Trog
 13729 | D:12     | Noticed a two-headed ogre
 13735 | D:12     | Killed a two-headed ogre
 13737 | D:12     | Received a gift from Trog
 13805 | D:12     | Noticed a two-headed ogre
 13812 | D:12     | Killed a two-headed ogre
 13813 | D:12     | Reached skill level 19 in Axes
 14077 | D:12     | Found a staircase to the Orcish Mines.
 15501 | D:13     | Noticed a two-headed ogre
 15510 | D:13     | Killed a two-headed ogre
 15780 | D:13     | Reached skill level 20 in Axes
 15796 | D:13     | Noticed a two-headed ogre
 15802 | D:13     | Killed a two-headed ogre
 16013 | D:13     | Noticed a centaur warrior
 16029 | D:13     | Killed a centaur warrior
 16439 | D:13     | Received a gift from Trog
 16495 | D:13     | Reached XP level 13. HP: 114/114 MP: 4/12
 16840 | D:13     | Mangled by a skeletal warrior

Illustrated notes

Levels and vault maps discovered:
D:1:      psy_arrival_whirlpool, layout_loops_ring
D:2:      layout_loops_ring, gammafunk_temple_overflow_elements, serial_forest,
          infiniplex_forest_end_double, infiniplex_forest_lined_room_,
          infiniplex_forest_straight_2, infiniplex_forest_end_double,
          infiniplex_forest_zigzag_1, infiniplex_forest_end_2,
          infiniplex_forest_straight_4
D:3:      layout_rooms, lemuel_coloured_pillars_altar,
          nzn_hepliaklqana_mist_gate, gammafunk_ghost_smash,
          kennysheep_generic_room_7, uniq_robin, uniq_jessica, uniq_terence
D:4:      gammafunk_wand_slinger, layout_basic, minmay_temple_entry_junction,
          grunt_ministairs_7, st_stairs_9, uniq_ijyb, uniq_blork_the_orc
D:5:      layout_basic, serial_corexii_hall, chequers_hall_statues_y,
          corexii_hall_statues_x, chequers_big_river, chequers_mini_garden
D:6:      layout_basic, nicolae_overflow_crystal_walls, general_overflow_altar
D:7:      layout_loops_ring, vehumet_altar_wand_db
D:8:      layout_basic, serial_bayou, serial_bayou_pond_a, serial_bayou_shore_a,
          serial_bayou_ford_a, serial_bayou_pond_b, enter_bailey_3,
          serial_shops, nicolae_shop_stone, uniq_prince_ribbit1
D:9:      layout_layer_cave, kennysheep_mini, nzn_wu_jian_council_hall,
          lemuel_doored_altar, uniq_maggie, uniq_erolcha
D:10:     minmay_bubble_buster, layout_cave_pools, bloody_trog, uniq_nergalle
D:11:     layout_small_grid, uniq_snorg, uniq_gastronok
D:12:     layout_irregular_city, zombieorc1_lemuel
D:13:     layout_roguey, grunt_vaults_entry_tiered, serial_co_window_serial,
          co_window_paths_a, co_window_paths_a, co_window_corner_a,
          co_window_paths_a, co_window_of_opportunity_a, co_window_paths_a,
          co_window_corner_a, co_window_corner_cb, co_window_of_opportunity_c,
          co_window_broadway_c, co_window_broadway_b, co_window_paths_c,
          co_window_corner_b, co_window_paths_c, co_window_paths_e,
          glass_columns_a, glass_columns_b, glass_columns_a, glass_columns_b,
          minmay_crystal_room, minmay_st_funbox
D:14:     layout_rooms, minivault_19, evilmike_ruin_ashenzari

Skill      XL: |  1  2  3  4  5  6  7  8  9 10 11 12 |
---------------+-------------------------------------+-----
Fighting       | 4 6 10 | 10.7
Axes           | 4 6 7 9 10 13 16 17 20 | 20.4
Armour         | 6 10 | 10.1
Dodging        | 3 |  3.5
Stealth        | |  0.7

Action                   |  1- 3 |  4- 6 |  7- 9 | 10-12 | 13-15 || total
-------------------------+-------+-------+-------+-------+-------++-------
Melee: Hand axe          |   144 |   177 |   329 |    60 |       ||   710
       Headbutt          |    29 |    30 |    60 |   123 |     5 ||   247
       War axe           |       |       |       |   133 |       ||   133
       Battleaxe         |       |       |       |   342 |    23 ||   365
Invok: Berserk           |       |       |     6 |     9 |     1 ||    16
       Trog's Hand       |       |       |     1 |     1 |     1 ||     3
  Use: Scroll            |     5 |    11 |     6 |    10 |       ||    32
       Potion            |       |       |       |     1 |       ||     1
Armor: Animal skin       |    15 |       |       |       |       ||    15
       Chain mail        |     6 |   100 |   120 |   238 |    14 ||   478
Dodge: Dodged            |    66 |    64 |    95 |   178 |     9 ||   412
